 Dungeon Crawl Stone Soup version 0.22-a0 (webtiles) character file.

9034 KristoblXynda the Covert (level 11, -9/49 HPs)
             Began as a Spriggan Skald on Jan 1, 2018.
             Was an Elder of Nemelex Xobeh.
             Hit by a javelin thrown by Urug (19 damage)
             ... on level 10 of the Dungeon.
             The game lasted 00:35:20 (15967 turns).

KristoblXynda the Covert (Spriggan Skald)          Turns: 15967, Time: 00:35:23

Health: -9/49      AC:  5    Str:  8    XL:     11   Next: 17%
Magic:  26/26      EV: 24    Int: 16    God:    Nemelex Xobeh [****..]
Gold:   549        SH:  0    Dex: 17    Spells: 23/30 levels left

rFire    . . .     SeeInvis +   v - +4 dagger of Annoyance {pierce, rPois}
rCold    . . .     Gourm    .   (shield restricted)
rNeg     + . .     Faith    .   b - +1 robe
rPois    +         Spirit   .   G - +1 hat {MR+}
rElec    .         Reflect  .   C - +0 cloak
rCorr    .         Harm     .   (gloves unavailable)
MR       ++...                  (boots unavailable)
Stlth    +++++.....             (no amulet)
HPRegen  0.16/turn              s - ring of positive energy
MPRegen  0.20/turn              F - ring of flight

@: very quick
A: very small, unfitting armour, see invisible, herbivore, speed 3, slow
metabolism 2
a: Triple Draw, Deal Four, Renounce Religion, Evoke Flight


You were on level 10 of the Dungeon.
You worshipped Nemelex Xobeh.
Nemelex Xobeh was greatly pleased with you.
You were not hungry.

You visited 2 branches of the dungeon, and saw 11 of its levels.

You collected 549 gold pieces.

Inventory:

Hand Weapons
 v - the +4 dagger of Annoyance (weapon) {pierce, rPois}
   (You found it on level 6 of the Dungeon)

   It inflicts extra damage upon your enemies.
   It protects you from poison.
Missiles
 p - 3 throwing nets (quivered)
Armour
 b - a +1 robe (worn)
 x - a +0 buckler
 C - a +0 cloak (worn)
 G - a +1 hat of magic resistance (worn)
Jewellery
 k - an uncursed ring of positive energy
 r - an uncursed ring of wizardry
 s - a ring of positive energy (left hand)
 z - an uncursed ring of resist corrosion
 F - a ring of flight (right hand)
Wands
 a - a wand of digging (10)
 t - a wand of iceblast (16)
 K - a wand of disintegration (14)
Scrolls
 g - a scroll of enchant armour
 j - 5 scrolls of remove curse
 l - 2 scrolls of amnesia
 A - a scroll of fear
 D - a scroll of fog
 I - a scroll of teleportation
 M - 2 scrolls of identify
 N - 4 scrolls of blinking
 O - a scroll of immolation
Potions
 e - 2 potions of brilliance
 f - a potion of ambrosia
 h - 2 potions of might
 i - 3 potions of haste
 n - 3 potions of curing
 q - 5 potions of heal wounds
 u - 5 potions of flight
 w - 2 potions of resistance
 L - a potion of agility
Books
 c - a book of Battle

   Spells                             Type                      Level
   a - Infusion                       Charms                       1
   b - Shroud of Golubria             Charms/Translocation         2
   c - Song of Slaying                Charms                       2
   d - Spectral Weapon                Hexes/Charms                 3
   e - Regeneration                   Charms/Necromancy            3
 m - a book of Cantrips

   Spells                             Type                      Level
   a - Confusing Touch                Hexes                        1
   b - Animate Skeleton               Necromancy                   1
   c - Summon Small Mammal            Summoning                    1
   d - Apportation                    Translocation                1
Miscellaneous
 o - an ornate deck of summoning
 y - a plain deck of destruction {drawn: 3}
 B - a plain deck of destruction
 E - a plain deck of summoning {drawn: 5}
 H - a plain deck of destruction
 J - an ornate deck of escape
 P - a plain deck of escape
Comestibles
 d - 7 rations


   Skills:
 + Level 1.5 Fighting
 - Level 5.0 Short Blades
 + Level 9.0 Dodging
 - Level 10.2 Stealth
 - Level 10.1 Spellcasting
 - Level 10.0 Charms
 + Level 7.6 Invocations
 + Level 9.0 Evocations


You had 23 spell levels left.
You knew the following spells:

 Your Spells              Type           Power        Failure   Level  Hunger
a - Infusion              Chrm           ####         1%          1    None
b - Regeneration          Chrm/Necr      ###.......   3%          3    None
c - Spectral Weapon       Hex/Chrm       ###.....     3%          3    None


Dungeon Overview and Level Annotations

Branches:
Dungeon (10/15)            Temple (1/1) D:6            Lair (0/6) D:10
    Orc: D:9-12

Altars:
Ashenzari
Cheibriados
Dithmenos
Elyvilon
Fedhas
Gozag
Hepliaklqana
Kikubaaqudgha
Makhleb
Nemelex Xobeh
Okawaru
Qazlal
Ru
Sif Muna
Trog
Uskayaw
Vehumet
Wu Jian
Xom
Yredelemnul
Zin
The Shining One

Shops:
D:5 [

Annotations:
D:4 kibaces's ghost, novice DrFi
D:5 Lanoc's ghost, novice FoEE
D:10 Urug


Innate Abilities, Weirdness & Mutations

You are very small and have problems with some larger weapons.
You are too small for most types of armour.
You have supernaturally acute eyesight. (SInv)
You are a herbivore.
You cover ground extremely quickly.
You need consume almost no food.


Message History

* * * LOW HITPOINT WARNING * * *
Your orange demon stings Urug from afar.
You swap places.
Your hell hound barely misses Urug.
Your orange demon stings Urug from afar.
Urug hits your hell hound but does no damage.
Your hell hound bites Urug but does no damage.
The centaur shoots an arrow.
The arrow hits your hell hound but does no damage.
Your orange demon stings Urug but does no damage.
Your hell hound closely misses Urug.
The centaur shoots an arrow.
The arrow hits your hell hound!
Urug throws a javelin.
The javelin hits your hell hound!
Your hell hound closely misses Urug.
The centaur shoots an arrow.
The arrow hits your hell hound!
Your hell hound dies!
Your hell hound's corpse disappears in a puff of smoke!
Your orange demon stings Urug from afar!
Urug throws a javelin.
The javelin hits you!!
You die...
Your body disappears without a glow.

###########################
............(..............
........4..............[...
..>...ocĀ§.@...# #........
.......o###...# #........
........# #...# #........
.......o###...# #........
...........%..# #........
.............(#####........
...........................
..........|...............P
.......###...............P.


You could see an orc knight, Urug, a centaur and a friendly orange demon.

Vanquished Creatures
  2 two-headed ogres
  Erica (D:8)
  Pikel (D:6)
  Joseph (D:8)
  A hippogriff (D:9)
  A spriggan (D:7)
  2 wyverns
  5 hungry ghosts
  A soldier ant (D:10)
  A water moccasin (D:7)
  6 porcupines (D:10)
  A swamp drake (D:10)
  2 sky beasts
  An orc warrior (D:7)
  An ogre (D:8)
  2 black bears
  2 phantoms
  4 centaurs
  A crocodile (D:8)
  A big kobold (D:8)
  6 bullfrogs
  6 wights
  2 crimson imps
  A howler monkey (D:10)
  5 orc priests
  A quasit (D:10)
  A bullfrog zombie (D:10)
  2 hounds
  5 orc wizards
  4 bullfrog skeletons
  A centaur skeleton (D:4)
  4 iguanas
  3 worker ants
  A hound skeleton (D:7)
  A mummy (D:8)
  A worker ant zombie (D:7)
  A howler monkey skeleton (D:10)
  24 gnolls
  A river rat (D:3)
  9 adders
  A shadow imp (D:7)
  3 oozes
  2 worms (D:3)
  2 dart slugs (D:1)
  4 leopard geckos
  22 orcs
  A ball python (D:1)
  6 bats
  4 giant cockroaches
  5 hobgoblins
  17 jackals
  4 quokkas
  3 frilled lizards
  8 goblins
  10 kobolds
  5 rats
213 creatures vanquished.

Vanquished Creatures (collateral kills)
  Gastronok (D:8)
  Maurice (D:9)
  A water moccasin (D:9)
  A gnoll shaman (D:3)
  7 gnolls (D:3)
  A river rat (D:10)
  An ooze (D:10)
  An orc (D:3)
  2 jackals (D:3)
16 creatures vanquished.

Vanquished Creatures (others)
  4 slaves (D:6)
  A black bear (D:6)
  A scorpion (D:6)
  An iguana (D:3)
  A worker ant (D:5)
  An adder (D:6)
  A shadow imp (D:5)
  4 orcs (D:6)
  34 fungi (D:10)
  10 plants (D:10)
58 creatures vanquished.

Grand Total: 287 creatures vanquished

Notes
Turn   | Place    | Note
-------+----------+-------------------------------------------
     0 | D:1      | KristoblXynda the Spriggan Skald began the quest for the Orb.
     0 | D:1      | Reached XP level 1. HP: 10/10 MP: 5/5
   453 | D:1      | Reached XP level 2. HP: 9/14 MP: 1/6
  2082 | D:2      | Found a hazy altar of Hepliaklqana.
  2082 | D:2      | Found a stormy altar of Qazlal.
  2094 | D:2      | Found a sparkling altar of Nemelex Xobeh.
  2096 | D:2      | Found a shadowy altar of Dithmenos.
  2098 | D:2      | Found a faded altar of an unknown god.
  2112 | D:2      | Became a worshipper of Nemelex Xobeh the Trickster
  2181 | D:2      | Received a gift from Nemelex Xobeh
  2191 | D:2      | Reached XP level 3. HP: 12/18 MP: 3/8
  2320 | D:2      | Reached skill level 5 in Charms
  2858 | D:2      | Found a deep blue altar of Sif Muna.
  2912 | D:3      | Reached XP level 4. HP: 20/22 MP: 6/10
  3084 | D:3      | HP: 1/22 [worm (9)]
  3618 | D:3      | Learned a level 3 spell: Regeneration
  3622 | D:3      | Learned a level 3 spell: Spectral Weapon
  3808 | D:3      | HP: 1/22 [poisoned by an adder]
  3846 | D:3      | Reached XP level 5. HP: 11/25 MP: 0/11
  4177 | D:3      | Reached skill level 5 in Dodging
  4285 | D:3      | Reached skill level 1 in Stealth
  4604 | D:3      | Noticed an ogre
  4606 | D:3      | Noticed a wyvern
  4606 | D:3      | an ogre changed into a wyvern
  4638 | D:3      | Killed a wyvern
  4638 | D:3      | Reached skill level 1 in Invocations
  4638 | D:3      | Reached XP level 6. HP: 10/30 MP: 5/13
  5110 | D:3      | Reached skill level 5 in Spellcasting
  5110 | D:3      | Reached XP level 7. HP: 16/33 MP: 1/15
  6505 | D:4      | Found a shattered altar of Ashenzari.
  6745 | D:4      | Noticed kibaces's ghost (novice DrFi)
  6858 | D:4      | Reached * piety under Nemelex Xobeh
  7043 | D:5      | Entered Level 5 of the Dungeon
  7068 | D:5      | Found Zaeps's Antique Armour Shoppe.
  7118 | D:5      | Noticed Lanoc's ghost (novice FoEE)
  8407 | D:5      | Reached skill level 5 in Short Blades
  8407 | D:5      | Reached skill level 5 in Stealth
  8603 | D:6      | Noticed Pikel
  8617 | D:6      | HP: 1/33 [slave[Pikel] (3)]
  8630 | D:6      | Found a hide-covered altar of Uskayaw.
  8679 | D:6      | Killed Pikel
  8679 | D:6      | Reached XP level 8. HP: 32/37 MP: 5/18
  8795 | D:6      | Got a steaming dagger
  8821 | D:5      | Identified the +4 dagger of Annoyance {pierce, rPois} (You found it on level 6 of the Dungeon)
  9089 | D:6      | Found an iron altar of Okawaru.
  9760 | D:6      | Found a staircase to the Ecumenical Temple.
  9761 | D:6      | Reached ** piety under Nemelex Xobeh
  9761 | D:6      | Received a gift from Nemelex Xobeh
  9773 | Temple   | Entered the Ecumenical Temple
 10131 | D:7      | Reached XP level 9. HP: 23/41 MP: 12/20
 11353 | D:7      | Reached skill level 5 in Invocations
 11353 | D:7      | Reached skill level 5 in Evocations
 11701 | D:8      | Received a gift from Nemelex Xobeh
 11838 | D:8      | Noticed Gastronok
 12146 | D:8      | Reached skill level 10 in Charms
 12156 | D:8      | Reached *** piety under Nemelex Xobeh
 12177 | D:8      | Noticed Erica
 12204 | D:8      | Killed Erica
 12204 | D:8      | Reached XP level 10. HP: 22/46 MP: 23/23
 12692 | D:8      | Noticed Joseph
 12704 | D:8      | Killed Joseph
 13181 | D:8      | Received a gift from Nemelex Xobeh
 13254 | D:8      | Found a snail-covered altar of Cheibriados.
 13323 | D:8      | Killed Gastronok
 13323 | D:8      | Reached skill level 10 in Stealth
 13842 | D:9      | Noticed Maurice
 13868 | D:9      | Killed Maurice
 14024 | D:9      | Received a gift from Nemelex Xobeh
 14135 | D:9      | Reached **** piety under Nemelex Xobeh
 14181 | D:9      | Received a gift from Nemelex Xobeh
 14268 | D:9      | Noticed a two-headed ogre
 14275 | D:9      | Killed a two-headed ogre
 14292 | D:9      | Found an opulent altar of Gozag.
 14972 | D:10     | Entered Level 10 of the Dungeon
 15012 | D:10     | Received a gift from Nemelex Xobeh
 15242 | D:10     | Reached XP level 11. HP: 22/49 MP: 19/25
 15693 | D:10     | Found a staircase to the Lair.
 15779 | D:10     | Noticed a two-headed ogre
 15811 | D:10     | Killed a two-headed ogre
 15811 | D:10     | Reached skill level 10 in Spellcasting
 15937 | D:10     | Noticed Urug
 15942 | D:10     | Received a gift from Nemelex Xobeh
 15945 | D:10     | Noticed a wizard
 15959 | D:10     | Noticed an orc knight
 15967 | D:10     | Hit by a javelin thrown by Urug

Vault maps used:
D:1:      dpeg_arrival_orchard
D:2:      lemuel_blue_sif_altar, chequers_temple_overflow_minitemple,
          first_ration
D:3:      lemuel_castle_with_subvaults
D:4:      ashenzari_altar_1
D:5:      serial_shops, shop
D:6:      lemuel_temple_firewalk_a, basic_altar, okawaru_gym_becter, uniq_pikel
D:7:      nicolae_benzene_ring, the_bakery
D:8:      chei_slow_surprise, uniq_gastronok, uniq_joseph, uniq_erica
D:9:      grunt_gozag_breadcrumbs, uniq_maurice
D:10:     due_lair_maze_entry_diamond, sword_in_stone
Temple:   regret_index_temple_generic_petals

Skill      XL: |  1  2  3  4  5  6  7  8  9 10 11 |
---------------+----------------------------------+-----
Spellcasting   | 3 4 5 6 7 8 9 10 | 10.1
Dodging        | 4 5 8 9 |  9.0
Charms         | 5 6 8 9 10 | 10.0
Short Blades   | 3 4 5 |  5.0
Stealth        | 2 3 6 7 9 10 | 10.2
Invocations    | 1 3 4 5 7 |  7.6
Evocations     | 2 4 6 8 9 |  9.0
Fighting       | |  1.5

Action                   |  1- 3 |  4- 6 |  7- 9 | 10-12 || total
-------------------------+-------+-------+-------+-------++-------
Melee: Dagger            |   131 |   238 |   500 |   307 ||  1176
       Short sword       |     5 |       |       |       ||     5
Throw: Throwing net      |       |       |       |     1 ||     1
 Cast: Infusion          |    14 |    15 |    26 |     9 ||    64
       Regeneration      |       |     4 |    18 |    10 ||    32
       Spectral Weapon   |       |       |       |     1 ||     1
Evoke: Deck              |     1 |     4 |       |     8 ||    13
       Wand              |       |       |     3 |     3 ||     6
  Use: Scroll            |     3 |     5 |    10 |     6 ||    24
       Potion            |       |     5 |     4 |       ||     9
 Stab: Sleeping          |     1 |       |    12 |    11 ||    24
       Invisible         |       |       |     5 |       ||     5
       Distracted        |       |       |     1 |     1 ||     2
  Eat: Ration            |       |     2 |     6 |     4 ||    12
Armor: Robe              |    13 |     9 |    25 |    34 ||    81
Dodge: Dodged            |    89 |   175 |   348 |   277 ||   889

Table legend:
 A = Spawn XP
 B = Non-spawn XP
 C = Spawn XP percentage of total XP
 D = Spawn monster count
 E = Non-spawn monster count
 F = Spawn count percentage of total count
 G = Total turns spent on level
                    A         B        C        D         E        F      G
               +---------+---------+-------+---------+---------+-------+---------
         Total |       0 |   12906 |   0.0 |       0 |     233 |   0.0 | 15967
               +---------+---------+-------+---------+---------+-------+---------
           D:1 |       0 |      33 |   0.0 |       0 |      18 |   0.0 |  1830
           D:2 |       0 |      62 |   0.0 |       0 |      12 |   0.0 |  1278
           D:3 |       0 |     801 |   0.0 |       0 |      75 |   0.0 |  3251
           D:4 |       0 |      39 |   0.0 |       0 |       1 |   0.0 |  1082
           D:5 |       0 |     432 |   0.0 |       0 |      18 |   0.0 |  1376
           D:6 |       0 |    1297 |   0.0 |       0 |      18 |   0.0 |  1036
           D:7 |       0 |    1585 |   0.0 |       0 |      25 |   0.0 |  1891
           D:8 |       0 |    3776 |   0.0 |       0 |      28 |   0.0 |  1863
           D:9 |       0 |    2210 |   0.0 |       0 |      18 |   0.0 |  1142
          D:10 |       0 |    2671 |   0.0 |       0 |      20 |   0.0 |   995
               +---------+---------+-------+---------+---------+-------+---------
